 Dungeon Crawl Stone Soup version 0.23-a0-301-g9da9e51 (webtiles) character file.

9292 Gildeon the Cleaver (level 11, -2/89 HPs)
             Began as a Minotaur Fighter on Oct 7, 2018.
             Was a Believer of Nemelex Xobeh.
             Slain by a komodo dragon (10 damage)
             ... on level 2 of the Lair of Beasts.
             The game lasted 00:32:31 (8476 turns).

Gildeon the Cleaver (Minotaur Fighter)              Turns: 8476, Time: 00:32:32

Health: -2/89      AC: 17    Str: 23    XL:     11   Next: 21%
Magic:  13/13      EV:  8    Int: 11    God:    Nemelex Xobeh [**....]
Gold:   537        SH: 12    Dex: 13    Spells: 1/14 levels left

rFire    . . .     SeeInvis .   a - +0 war axe
rCold    . . .     Gourm    .   c - +0 shield
rNeg     . . .     Faith    .   j - +0 plate armour
rPois    .         Spirit   .   (helmet restricted)
rElec    .         Reflect  .   d - +0 cloak
rCorr    .         Harm     .   (no gloves)
MR       .....                  q - +2 pair of boots
Stlth    ..........             e - amulet of rage
HPRegen  0.24/turn              r - +3 ring of dexterity
MPRegen  0.13/turn              g - ring of wizardry

@: brilliant, lethally poisoned (-2 -> -3)
A: retaliatory headbutt, horns 2
a: Renounce Religion, Evoke Berserk Rage


You were on level 2 of the Lair of Beasts.
You worshipped Nemelex Xobeh.
Nemelex Xobeh was pleased with you.
You were hungry.

You visited 3 branches of the dungeon, and saw 11 of its levels.

You collected 537 gold pieces.

Inventory:

Hand Weapons
 a - a +0 war axe (weapon)
 n - a +3 spear
Armour
 c - a +0 shield (worn)
 d - a +0 cloak (worn)
 j - a +0 plate armour (worn)
 q - a +2 pair of boots (worn)
Jewellery
 e - an amulet of rage (around neck)
 g - a ring of wizardry (right hand)
 r - a +3 ring of dexterity (left hand)
Wands
 u - a wand of polymorph (10)
 y - a wand of digging (13)
 B - a wand of flame (22)
Scrolls
 b - 6 scrolls of remove curse
 i - 3 scrolls of fear
 l - 3 scrolls of amnesia
 o - 5 scrolls of teleportation {unknown}
 w - 4 scrolls of enchant armour {unknown}
 z - a scroll of fog {unknown}
 A - a scroll of vulnerability {unknown}
Potions
 h - 2 potions of invisibility
 k - a potion of mutation
 p - a potion of cancellation {unknown}
 s - a potion of haste {unknown}
 t - 2 potions of brilliance
 v - a potion of magic {unknown}
Comestibles
 f - 17 rations


   Skills:
 + Level 6.1 Fighting
 * Level 12.3 Axes
 - Level 6.0 Armour
 - Level 5.3 Dodging
 + Level 9.3 Shields
 - Level 2.0 Spellcasting
 - Level 2.2 Conjurations
 - Level 2.0 Hexes
 - Level 2.1 Translocations
 - Level 2.1 Fire Magic
 - Level 4.0 Invocations
 + Level 3.8 Evocations


You had one spell level left.
You knew the following spells:

 Your Spells              Type           Power        Failure   Level  Hunger
a - Confuse               Hex            ##......     69%         3    ####...
b - Blink                 Tloc           N/A          47%         2    ###....
c - Slow                  Hex            ##......     47%         2    ###....
d - Conjure Flame         Conj/Fire      ##......     69%         3    ####...
e - Gell's Gravitas       Tloc           ##........   69%         3    ####...

Your spell library contained the following spells:

 Spells                   Type           Power        Failure   Level  Hunger
 Magic Dart               Conj           ##..         34%         1    ##.....
 Confusing Touch          Hex            ##....       36%         1    ##.....
 Searing Ray              Conj           ##....       47%         2    ###....
 Dazzling Spray           Conj/Hex       ##....       69%         3    ####...
 Call Imp                 Summ           #.......     75%         2    ###....
 Mephitic Cloud           Conj/Pois/Air  #.......     85%         3    ####...
 Force Lance              Conj/Tloc      ##......     95%         4    #####..
 Fulminant Prism          Conj/Hex       ##........   95%         4    #####..
 Iskenderun's Mystic Bla  Conj           ##......     95%         4    #####..
 Petrify                  Tmut/Erth      #.......     99%         4    #####..
 Metabolic Englaciation   Hex/Ice        ##........   100%        5    ######.
 Yara's Violent Unravell  Hex/Tmut       ##........   100%        5    ######.


Dungeon Overview and Level Annotations

Branches:
Dungeon (8/15)             Temple (1/1) D:7            Lair (2/6) D:8
  Swamp: Lair:2-4    Shoals: Lair:2-4     Snake: Lair:2-4    Spider: Lair:2-4

Altars:
Ashenzari
Cheibriados
Dithmenos
Elyvilon
Fedhas
Gozag
Hepliaklqana
Kikubaaqudgha
Makhleb
Nemelex Xobeh
Okawaru
Qazlal
Ru
Sif Muna
Trog
Vehumet
Wu Jian
Xom
Yredelemnul
Zin
The Shining One

Shops:
D:5 }

Annotations:
D:8 3 runed doors, mandick's ghost, novice KoFi


Innate Abilities, Weirdness & Mutations

You reflexively headbutt those who attack you in melee.
You have a pair of horns on your head.


Message History

You hit the komodo dragon. Your headbutt misses the komodo dragon.
The komodo dragon is moderately wounded.
You feel sick. You block the komodo dragon's attack.
The naga hits you from afar with a halberd!
You barely miss the komodo dragon.
The komodo dragon is moderately wounded.
You block the komodo dragon's attack.
The naga hits you from afar with a halberd.
You hit the komodo dragon.
The komodo dragon is moderately wounded.
The komodo dragon bites you!!
* * * LOW HITPOINT WARNING * * *
The naga hits you from afar with a halberd.
* * * LOW HITPOINT WARNING * * *
Unknown command.
Okay, then.
You feel clever all of a sudden. The komodo dragon bites you!
You die...
Your body disappears without a glow.

.. ..... .# .. ..... ...
.. ##...###... . ♣
........# ♣# #♣..
#N)....#
..♣♣♣...###.....
........##..N.# ##
###.>.........l###.###
#.P.........[..#@....##
#.............Nl........
........................
÷÷......................
........................
........................
..[.....................
........................
.......................


You could see a komodo dragon and a naga.

Vanquished Creatures
  2 two-headed ogres (D:8)
  A black mamba (Lair:2)
  2 spiny frogs
  2 komodo dragons (Lair:2)
  2 hippogriffs
  4 blink frogs (Lair:2)
  3 yaks (Lair:1)
  Grum (Lair:1)
  2 basilisks
  Menkaure (D:4)
  3 water moccasins
  An orc warrior (D:8)
  5 porcupines
  A sky beast (D:7)
  3 black bears
  An ice beast (D:7)
  2 phantoms
  4 ogres
  2 centaurs
  10 wolves
  4 crocodiles
  4 bullfrogs
  2 scorpions
  2 crimson imps
  A quasit (D:7)
  5 orc wizards
  2 jellies
  3 orc priests
  An iguana (D:5)
  3 hounds
  4 worker ants
  Terence (D:3)
  2 hound zombies
  11 gnolls
  8 adders
  A shadow imp (D:5)
  4 oozes
  5 adder skeletons
  4 worms
  3 dart slugs
  4 leopard geckos
  25 orcs
  8 giant cockroaches
  6 goblins
  6 hobgoblins
  16 jackals
  4 quokkas
  3 ball pythons
  7 bats
  6 frilled lizards
  5 kobolds
  A leopard gecko skeleton (D:5)
  A leopard gecko zombie (D:8)
  7 rats
  A plant (Lair:1)
222 creatures vanquished.

Vanquished Creatures (collateral kills)
  A shadow imp (D:6)
  2 orcs (D:6)
3 creatures vanquished.

Vanquished Creatures (others)
  An orc wizard (D:7)
  A fungus (D:8)
  A plant (Lair:1)
3 creatures vanquished.

Grand Total: 228 creatures vanquished

Notes
Turn   | Place    | Note
-------+----------+-------------------------------------------
     0 | D:1      | Gildeon the Minotaur Fighter began the quest for the Orb.
     0 | D:1      | Reached XP level 1. HP: 19/19 MP: 0/0
   253 | D:1      | Reached XP level 2. HP: 27/27 MP: 1/1
   419 | D:1      | Reached skill level 3 in Axes
   496 | D:1      | Reached skill level 1 in Dodging
   496 | D:1      | Reached XP level 3. HP: 31/33 MP: 2/2
   784 | D:2      | Found a shadowy altar of Dithmenos.
   784 | D:2      | Found an opulent altar of Gozag.
  1144 | D:2      | Reached XP level 4. HP: 37/40 MP: 3/3
  1685 | D:3      | Learned a level 3 spell: Confuse
  1731 | D:3      | Reached skill level 4 in Axes
  1731 | D:3      | Reached XP level 5. HP: 43/47 MP: 4/4
  1920 | D:3      | Found a blossoming altar of Fedhas.
  1920 | D:3      | Found a shattered altar of Ashenzari.
  1926 | D:3      | Found a deep blue altar of Sif Muna.
  2003 | D:3      | Noticed Terence
  2009 | D:3      | Killed Terence
  2199 | D:3      | Reached XP level 6. HP: 52/53 MP: 5/5
  2290 | D:4      | Noticed Menkaure
  2301 | D:4      | Killed Menkaure
  2301 | D:4      | Reached skill level 5 in Axes
  2780 | D:4      | Reached skill level 5 in Fighting
  2780 | D:4      | Reached skill level 5 in Armour
  2924 | D:4      | Reached skill level 5 in Shields
  2988 | D:4      | Reached XP level 7. HP: 61/61 MP: 6/6
  3375 | D:5      | Entered Level 5 of the Dungeon
  3412 | D:5      | Reached skill level 6 in Axes
  3680 | D:5      | Found a sacrificial altar of Ru.
  3686 | D:5      | Reached skill level 1 in Spellcasting
  3686 | D:5      | Reached skill level 1 in Hexes
  3707 | D:5      | Found Upuewanali's Gadget Boutique.
  3783 | D:5      | Found a sparkling altar of Nemelex Xobeh.
  3797 | D:5      | Became a worshipper of Nemelex Xobeh the Trickster
  3929 | D:5      | Learned a level 2 spell: Blink
  3932 | D:5      | Learned a level 2 spell: Slow
  3976 | D:6      | Found an iron altar of Okawaru.
  3987 | D:6      | Reached XP level 8. HP: 68/68 MP: 8/8
  3995 | D:6      | Reached skill level 7 in Axes
  4006 | D:6      | Received a gift from Nemelex Xobeh
  4150 | D:6      | Reached skill level 1 in Evocations
  4343 | D:6      | Found a shimmering altar of Xom.
  4677 | D:7      | Reached skill level 1 in Invocations
  4800 | D:7      | Reached skill level 8 in Axes
  5045 | D:7      | Reached * piety under Nemelex Xobeh
  5101 | D:7      | Found a staircase to the Ecumenical Temple.
  5110 | Temple   | Entered the Ecumenical Temple
  5170 | Temple   | Received a gift from Nemelex Xobeh
  5286 | D:7      | Found a glowing silver altar of Zin.
  5287 | D:7      | Noticed an angel
  5475 | D:8      | Reached skill level 1 in Translocations
  5495 | D:8      | Noticed a two-headed ogre
  5507 | D:8      | Killed a two-headed ogre
  5507 | D:8      | Reached skill level 9 in Axes
  5507 | D:8      | Reached skill level 5 in Dodging
  5507 | D:8      | Reached XP level 9. HP: 23/75 MP: 8/10
  5512 | D:8      | Learned a level 3 spell: Conjure Flame
  5889 | D:8      | Found a burning altar of Makhleb.
  5892 | D:8      | Found a radiant altar of Vehumet.
  5895 | D:8      | Found a sacrificial altar of Ru.
  6076 | D:8      | Reached skill level 1 in Conjurations
  6076 | D:8      | Reached skill level 1 in Fire Magic
  6084 | D:8      | Reached skill level 10 in Axes
  6287 | D:8      | Found a staircase to the Lair.
  6313 | D:8      | Reached XP level 10. HP: 43/83 MP: 11/11
  6486 | D:8      | Found a runed gate.
  6486 | D:8      | Found a runed gate.
  6486 | D:8      | Found a runed gate.
  6494 | D:8      | Noticed a two-headed ogre
  6502 | D:8      | Killed a two-headed ogre
  6510 | D:8      | Noticed mandick's ghost (novice KoFi)
  6618 | Lair:1   | Entered Level 1 of the Lair of Beasts
  6618 | Lair:1   | Reached ** piety under Nemelex Xobeh
  6781 | Lair:1   | Noticed Grum
  6812 | Lair:1   | Killed Grum
  6812 | Lair:1   | Reached skill level 11 in Axes
  7073 | Lair:1   | Received a gift from Nemelex Xobeh
  7448 | Lair:1   | Noticed a spiny frog
  7456 | Lair:1   | Killed a spiny frog
  7759 | Lair:2   | Noticed a spiny frog
  7768 | Lair:2   | Killed a spiny frog
  7866 | Lair:2   | Noticed a black mamba
  7874 | Lair:2   | Killed a black mamba
  7948 | Lair:2   | Learned a level 3 spell: Gell's Gravitas
  8042 | Lair:2   | Reached XP level 11. HP: 55/89 MP: 13/13
  8062 | Lair:2   | Reached skill level 12 in Axes
  8476 | Lair:2   | Slain by a komodo dragon

Vault maps used:
D:1:      mrwooster_arrival_statue_3
D:2:      grunt_temple_overflow_open, columned_hall_lemuel, lemuel_flame_loot_1
D:3:      minitemple, first_ration, uniq_terence
D:4:      uniq_menkaure
D:5:      nemelex_xobeh_ov_fountains_minmay, serial_shops, shop,
          corexii_leaking_fountain, nicolae_ru_sacrificial_ziggurat
D:6:      old_standard_altar, okawaru_ov_weapons_minmay, roderic_lattice_a
D:7:      zin_angel, temple_hall
D:8:      grunt_temple_overflow_diamond, minmay_lair_entry_grove,
          gammafunk_ghost_icy
Temple:   nicolae_temple_figure_zero
Lair:1:   uniq_grum
Lair:2:   minmay_snake_entry_guardpost_small, minmay_stone_trees_small

Skill      XL: |  1  2  3  4  5  6  7  8  9 10 11 |
---------------+----------------------------------+-----
Axes           | 3 4 5 6 9 10 11 12 | 12.3
Armour         | 4 5 6 |  6.0
Dodging        | 1 2 3 5 |  5.3
Fighting       | 4 5 6 |  6.1
Shields        | 4 5 7 9 |  9.3
Spellcasting   | 1 2 |  2.0
Hexes          | 1 2 |  2.0
Evocations     | 1 2 3 |  3.8
Invocations    | 2 3 4 |  4.0
Translocations | 1 2 |  2.1
Conjurations   | 1 2 |  2.2
Fire Magic     | 1 2 |  2.1

Action                   |  1- 3 |  4- 6 |  7- 9 | 10-12 || total
-------------------------+-------+-------+-------+-------++-------
Melee: War axe           |    73 |   154 |   308 |   164 ||   699
       Headbutt          |    11 |    34 |    78 |    39 ||   162
Evoke: Deck              |       |       |    10 |       ||    10
       Wand              |       |       |       |    17 ||    17
  Use: Scroll            |     4 |     9 |     2 |     1 ||    16
       Potion            |       |     1 |     6 |     5 ||    12
  Eat: Chunk             |     1 |     6 |    11 |     3 ||    21
       Ration            |       |       |       |     1 ||     1
Armor: Scale mail        |    32 |       |       |       ||    32
       Plate armour      |    12 |    79 |   172 |    74 ||   337
Dodge: Dodged            |    19 |    28 |    86 |    57 ||   190
Block: Shield            |    42 |    87 |   186 |   123 ||   438

Table legend:
 A = Non-vault XP
 B = Vault XP
 C = Vault XP percentage of total XP
 D = Non-vault monster count
 E = Vault monster count
 F = Vault count percentage of total count
                 A         B        C        D         E       F
            +---------+---------+-------+---------+---------+-------
      Total |   10982 |    2293 |  17.3 |     207 |      18 |   8.0
            +---------+---------+-------+---------+---------+-------
        D:1 |      48 |       0 |   0.0 |      24 |       0 |   0.0
        D:2 |      71 |       0 |   0.0 |      18 |       0 |   0.0
        D:3 |     230 |      32 |  12.2 |      30 |       1 |   3.2
        D:4 |     250 |     172 |  40.8 |      22 |       1 |   4.3
        D:5 |     596 |       0 |   0.0 |      27 |       0 |   0.0
        D:6 |     395 |       0 |   0.0 |      21 |       0 |   0.0
        D:7 |     668 |       0 |   0.0 |      16 |       0 |   0.0
        D:8 |    2751 |    1540 |  35.9 |      21 |      12 |  36.4
     Lair:1 |    1699 |     549 |  24.4 |       8 |       4 |  33.3
     Lair:2 |    4274 |       0 |   0.0 |      20 |       0 |   0.0
            +---------+---------+-------+---------+---------+-------
